 Dungeon Crawl Stone Soup version 0.20-a0-1122-gb7cbeb9 (webtiles) character file.

668651 Samos the Ninja (level 27, -6/137 HPs)
             Began as a Spriggan Enchanter on May 12, 2017.
             Was the Champion of Dithmenos.
             Killed by drain life
             ... invoked by a deathcap
             ... summoned by a curse toe
              (18 damage)
             ... on level 5 of the Realm of Zot on May 14, 2017.
             The game lasted 06:44:39 (88066 turns).

Samos the Ninja (Spriggan Enchanter)               Turns: 88066, Time: 06:44:39

Health: -6/137     AC: 11    Str: 15    XL:     27
Magic:  49/53      EV: 49    Int: 19    God:    Dithmenos [******]
Gold:   3584       SH: 12    Dex: 29    Spells: 9/76 levels left

rFire    + + +     SeeInvis +   a - +9 quick blade (elec)
rCold    . . .     Gourm    .   h - +2 buckler {rPois}
rNeg     . . .     Faith    .   T - +2 robe of Vines {NoPotionHeal Regen+7}
rPois    +         Spirit   .   P - +2 hat "Xeucho" {Str+3 Dex+2}
rElec    +         Reflect  .   v - +2 cloak of Asess {Regen+}
rCorr    .         Harm     .   (gloves unavailable)
MR       +++..                  (boots unavailable)
Stlth    ++++++++++             N - amulet "Sois" {rElec MR- Regen+ Dex+4}
Regen    4.0/turn               U - ring of Atomeyll {rF+++ MR- Str+4 Slay+3}
MPRegen  0.4/turn               w - +4 ring of evasion

@: silence, very slightly contaminated, wreathed by umbra, studying Invocations,
deflect missiles, very quick
A: unfitting armour, icy blue scales 1, see invisible, blink, herbivore 3, speed
3, frail 1, magic resistance 1, mutation resistance 2, screaming 1, slow
metabolism 2, no potion heal 1
}: 3/15 runes: barnacled, silver, gossamer
a: Blink, Renounce Religion


You were on level 5 of the Realm of Zot.
You worshipped Dithmenos.
Dithmenos was exalted by your worship.
You were not hungry.

You visited 11 branches of the dungeon, and saw 53 of its levels.
You also visited: Ice Cave and Desolation.

You collected 8915 gold pieces.
You spent 5331 gold pieces at shops.

Inventory:

Hand Weapons
 a - a +9 quick blade of electrocution (weapon)
 D - a +1 short sword of distortion
 Q - a +4 rapier of electrocution
Missiles
 g - 8 throwing nets (quivered)
Armour
 h - a +2 buckler of poison resistance (worn)
 v - the +2 cloak of Asess (worn) {Regen+}
   (You acquired it on level 3 of the Realm of Zot)

   It increases your rate of regeneration.
 P - the +2 hat "Xeucho" (worn) {Str+3 Dex+2}
   (You found it on level 3 of the Depths)

   It affects your strength (+3).
   It affects your dexterity (+2).
 T - the +2 robe of Vines (worn) {NoPotionHeal Regen+7}
   (You bought it in a shop on level 14 of the Dungeon)

   It increases your rate of regeneration.
Jewellery
 w - a +4 ring of evasion (right hand)
 y - the amulet of Somuasoe {Gourm rN++ Int+3 SInv}
   (You bought it in a shop on level 3 of the Depths)

   [amulet of the gourmand]

   It allows you to eat raw meat even when not hungry.
   It affects your intelligence (+3).
   It greatly protects you from negative energy.
   It lets you see invisible.
 B - the ring "Qiynes" {rCorr Dex+3}
   (You found it on level 2 of the Depths)

   [ring of resist corrosion]

   It affects your dexterity (+3).
 L - a +6 ring of slaying
 N - the amulet "Sois" (around neck) {rElec MR- Regen+ Dex+4}
   (You bought it in a shop on level 3 of the Depths)

   [amulet of regeneration]

   It affects your dexterity (+4).
   It insulates you from electricity.
   It affects your resistance to hostile enchantments.
   It increases your rate of regeneration.
 U - the ring of Atomeyll (left hand) {rF+++ MR- Str+4 Slay+3}
   (You took it off an orc knight on level 5 of the Vaults)

   [ring of strength]

   It affects your strength (+4).
   It affects your accuracy and damage with ranged weapons and melee attacks
   (+3).
   It renders you almost immune to fire.
   It affects your resistance to hostile enchantments.
Wands
 V - a wand of digging (9/24)
Scrolls
 b - 4 scrolls of blinking
 d - 10 scrolls of fear
 e - 24 scrolls of remove curse
 i - 6 scrolls of teleportation
 o - a scroll of magic mapping
 u - a scroll of silence
 z - 10 scrolls of identify
 G - 6 scrolls of recharging
 O - 3 scrolls of fog
 R - a scroll of summoning
Potions
 j - 5 potions of resistance
 l - 12 potions of brilliance
 n - 5 potions of cancellation
 p - 20 potions of curing
 s - 3 potions of agility
 t - 3 potions of magic
 x - 5 potions of invisibility
 C - 4 potions of mutation
 F - 3 potions of flight
 H - a potion of might
 K - 4 potions of berserk rage
 M - 5 potions of ambrosia
Books
 I - a manual of Invocations
Miscellaneous
 m - 2 phantom mirrors
Comestibles
 f - 19 bread rations


   Skills:
 + Level 18.6 Fighting
 - Level 14.0(16.1) Short Blades
   Level 11.0(12.8) Long Blades
 O Level 27 Dodging
 O Level 27 Stealth
 - Level 8.2 Shields
 + Level 25.1 Spellcasting
 + Level 25.0 Hexes
 - Level 12.0 Charms
 - Level 4.0 Summonings
 - Level 4.0 Necromancy
 - Level 3.0 Air Magic
 + Level 8.5 Invocations


You had 9 spell levels left.
You knew the following spells:

 Your Spells              Type           Power        Failure   Level  Hunger
a - Ensorcelled Hibernat  Hex/Ice        ######       0%          2    None
b - Corona                Hex            #######      0%          1    None
c - Confuse               Hex            #######.     0%          3    None
d - Tukima's Dance        Hex            #######.     0%          3    None
e - Dazzling Spray        Conj/Hex       ######       1%          3    None
f - Passwall              Tmut/Erth      ###.......   2%          2    None
g - Cause Fear            Hex            #######...   0%          4    None
h - Invisibility          Hex            #######.     1%          6    ###....
i - Apportation           Tloc           ###...       1%          1    None
j - Blink                 Tloc           N/A          2%          2    None
k - Dispel Undead         Necr           #####...     9%          5    None
l - Spectral Weapon       Hex/Chrm       #######.     0%          3    None
m - Regeneration          Chrm/Necr      ######....   1%          3    None
n - Discord               Hex            #######...   1%          8    ######.
o - Silence               Hex/Air        ######....   1%          5    None
p - Deflect Missiles      Chrm/Air       ######....   11%         6    ###....
q - Aura of Abjuration    Summ           #####.....   9%          5    None
r - Summon Demon          Summ           #####.....   9%          5    None


Dungeon Overview and Level Annotations

Branches:
Dungeon (15/15)            Temple (1/1) D:5            Lair (6/6) D:8
 Shoals (4/4) Lair:2       Spider (4/4) Lair:2        Slime (0/5) Lair:6
    Orc (2/2) D:9             Elf (3/3) Orc:2        Vaults (5/5) D:13
  Crypt (3/3) Vaults:3       Tomb (0/3) Crypt:3      Depths (5/5) D:15
    Zot (5/5) Depths:5

Altars:
Ashenzari
Cheibriados
Dithmenos
Elyvilon
Fedhas
Hepliaklqana
Kikubaaqudgha
Makhleb
Nemelex Xobeh
Okawaru
Qazlal
Ru
Sif Muna
Trog
Uskayaw
Vehumet
Wu Jian
Xom
Yredelemnul
Zin
The Shining One
Beogh
Jiyva

Shops:
D:7 *   D:8 :   D:14 (([[(   Orc:2 !%[}(   Vaults:1 (=!::   Vaults:2 (
Vaults:5 *   Depths:3 *}==

Portals:
Hell: Depths:1 Depths:2 Depths:3 Depths:4 Depths:5
Abyss: Depths:2 Depths:4
Pandemonium: Orc:2 Depths:1 Depths:2 Depths:3
Ziggurat: Depths:2


Innate Abilities, Weirdness & Mutations

You are very small and have problems with some larger weapons.
You are too small for most types of armour.
You have supernaturally acute eyesight. (SInv)
You are a herbivore.
You cover ground extremely quickly.
You need consume almost no food.
You are partially covered in icy blue scales. (AC +2)
You can translocate small distances at will.
You are frail. (-10% HP)
You are resistant to hostile enchantments. (MR+)
You are somewhat resistant to both further mutation and mutation removal.
You occasionally shout uncontrollably at your foes.
Potions are less effective at restoring your health.


Message History

Your shadow hits the curse toe but does no damage.
The deathcap completely misses you.
The deathcap misses your spectral weapon.
The deathcap draws from the surrounding life force!
* * * LOW HITPOINT WARNING * * *
You block the wandering mushroom's attack.
You puncture the curse toe!
The curse toe is almost destroyed.
Your shadow hits the curse toe but does no damage.
You hit the curse toe but do no damage.
The curse toe is almost destroyed.
You hit the curse toe.
The curse toe is almost destroyed.
Your shadow hits the curse toe but does no damage.
You block the wandering mushroom's attack.
The deathcap releases spores at your spectral weapon!!
Your spectral weapon shares its damage with you!
* * * LOW HITPOINT WARNING * * *
The deathcap draws from the surrounding life force!
You die...

#.............# ##..............
##...........## #...............
#...........# #.....^^........
*#...........## #...............
#.............# #......†..^.....
#..........^§§## #...^^..[......^
X...........§§f###.....^.........
..###########§§(###.......^......
.#* ##ff@z##)...........^ **
###ff^.)...§...)....
#▓▓▓▓▓▓▓▓▓#▓##....
▓▓▓▓............. *
##▓............)... **
*#....)...^......^.. ,* *********
#...................
,***,,,,,,,**▓.....^.............
,**,,,,,,,,,*▓...............q...


You could see a curse toe, 3 deathcaps, 2 wandering mushrooms and a friendly
spectral quick blade of electrocution.

Vanquished Creatures
  4 orbs of fire (Zot:5)
  The ghost of Dmitry the Centaur Arbalest, a legendary CeHu of Gozag (Zot:2)
  2 juggernauts
  Mara (Shoals:3)
  Mennas (Crypt:1)
  2 ancient liches
  The ghost of dricus the Merfolkian Porcupine, a master MfBe of Trog (Zot:4)
  Boris (Depths:5)
  A greater mummy (Crypt:3)
  Saint Roka (Vaults:3)
  Frederick (Vaults:5)
  Xtahua (Crypt:2)
  A curse toe (Zot:5)
  4 golden dragons
  3 Killer Klowns
  2 caustic shrikes (Depths:2)
  Nikola (Vaults:1)
  Arachne (Spider:2)
  A bone dragon (Depths:5)
  12 tentacled monstrosities
  3 electric golems
  7 liches
  11 Orb Guardians (Zot:5)
  2 deep elf blademasters (Elf:3)
  Asterion (Spider:1)
  5 quicksilver dragons
  Rupert (Lair:3)
  A titan (Vaults:5)
  An acid blob (Lair:6)
  5 death cobs
  2 deep elf master archers (Elf:3)
  An ancient champion (Crypt:1)
  Frances (D:14)
  14 shadow dragons
  3 thorn hunters (Depths:3)
  6 sphinxes
  Agnes (D:14)
  Gastronok (Lair:3)
  Kirke (Spider:2)
  Donald (Crypt:1)
  16 storm dragons
  12 draconian monks
  15 fire giants
  7 draconian knights
  8 tengu reavers
  Ilsuiw (Shoals:4)
  2 revenants
  9 frost giants
  Roxanne (Spider:2)
  2 imperial myrmidons (Desolation)
  20 vault wardens
  11 ghost moths
  3 deep elf sorcerers
  Louise (Shoals:3)
  6 emperor scorpions
  A balrug (Zot:3)
  2 curse skulls (Crypt:3)
  9 draconian scorchers
  An iron dragon (Vaults:5)
  A draconian annihilator (Zot:4)
  5 draconian stormcallers
  5 deep elf elementalists
  A ghoul (Vaults:3)
  13 ironheart preservers
  7 reapers
  The ghost of dricus the Phalangite, a journeyman MfBe of Trog (Lair:6)
  2 spriggan defenders
  5 war gargoyles
  5 draconian shifters
  19 very ugly things
  20 stone giants
  An entropy weaver (shapeshifter) (Vaults:5)
  3 deep elf demonologists
  7 entropy weavers
  2 vampire knights (Depths:2)
  16 green draconians
  14 deep elf annihilators
  Azrael (Spider:3)
  7 black draconians
  9 yellow draconians
  A halazid warlock (Desolation)
  A dire elephant (Lair:6)
  14 red draconians
  14 purple draconians
  3 spark wasps
  The ghost of loom the Severer, a journeyman MiBe of Trog (Lair:2)
  20 white draconians
  10 merfolk impalers
  7 deep elf death magi
  2 quicksilver dragon zombies (Crypt:3)
  A crystal guardian (Desolation)
  8 eidola
  4 merfolk javelineers
  26 yaktaur captains
  8 jiangshi
  17 fire dragons
  3 ragged hierophants (Desolation)
  Erolcha (D:9)
  Snorg (D:14)
  21 vault guards
  A mummy priest (Depths:3)
  18 ogre magi
  2 deep elf high priests
  10 ettins
  A quicksilver dragon skeleton (Crypt:2)
  5 rakshasas
  12 ice dragons
  The ghost of yrara the Basher, a journeyman DsFi of Gozag (D:10)
  5 great orbs of eyes
  4 death knights
  9 hydras
  4 servants of whispers (Desolation)
  4 peacekeepers (Desolation)
  A merfolk avatar (Depths:3)
  5 merfolk aquamancers (Shoals:4)
  14 centaur warriors
  2 alligator snapping turtles (Depths:3)
  The ghost of bezhaha the Covert, a journeyman DEAr of Nemelex Xobeh (Lair:6)
  3 catoblepae
  Erica (D:8)
  A satyr (Shoals:2)
  28 dancing weapons
  10 vampire magi
  34 two-headed ogres
  6 death yaks
  10 deep troll earth magi
  2 tengu warriors
  3 spriggan berserkers
  6 deep troll shamans
  4 orc high priests
  A storm dragon zombie (Crypt:3)
  6 soul eaters (Crypt:3)
  2 titan skeletons (Crypt:3)
  22 deep elf knights
  10 hell knights
  A sixfirhy (Orc:2)
  4 iron trolls (Depths:4)
  9 skeletal warriors
  25 deep trolls
  10 sea snakes
  2 shadow wraiths
  A spark wasp zombie (Depths:2)
  3 unseen horrors
  An anaconda zombie (Crypt:3)
  A golden dragon zombie (Crypt:3)
  4 flayed ghosts
  An unseen horror (shapeshifter) (Elf:1)
  A shadow demon (Depths:3)
  2 infernal demonspawn (Orc:2)
  A swamp dragon (Depths:3)
  3 glowing orange brains
  A golden dragon skeleton (Crypt:3)
  3 lindwurms (Lair:6)
  3 wizards
  A ghost moth zombie (Crypt:3)
  22 ironbrand convokers
  13 phantasmal warriors
  20 deep elf archers
  An iron dragon zombie (Crypt:2)
  19 necromancers
  15 orc knights
  60 deep elf magi
  11 orc sorcerers
  37 wolf spiders
  2 wolf spider zombies
  A frost giant zombie (D:15)
  14 orb spiders
  4 oklob plants (Lair:1)
  30 harpies
  A shadow dragon skeleton (Crypt:3)
  4 stone giant zombies
  49 ugly things
  5 cyclopes
  15 manticores
  An elephant (shapeshifter) (Vaults:3)
  2 salamanders (Depths:4)
  10 fauns
  24 moths of wrath
  2 fire giant skeletons (Crypt:3)
  A frost giant skeleton (Crypt:2)
  19 elephants
  A black mamba (shapeshifter) (Depths:2)
  2 guardian serpents (Desolation)
  A guardian serpent (shapeshifter) (Depths:3)
  14 vault sentinels
  3 centaur zombies
  An ice statue (IceCv)
  An eye of devastation (shapeshifter) (Elf:2)
  A stone giant skeleton (Vaults:1)
  2 torpor snails
  5 black mambas
  7 merfolk sirens
  A rust devil (Orc:2)
  9 water nymphs
  3 molten gargoyles (Desolation)
  A gargoyle (D:14)
  5 centaur skeletons
  2 smoke demons (Depths:3)
  8 spiny frogs
  2 spiny frogs (shapeshifter)
  53 yaktaurs
  2 hellions (Zot:1)
  5 rime drakes
  A komodo dragon (shapeshifter) (Vaults:5)
  11 swamp worm zombies (Crypt:2)
  10 komodo dragons
  An emperor scorpion zombie (Crypt:2)
  8 demonic crawlers
  An efreet (D:15)
  14 hellwings
  A human skeleton (Vaults:1)
  A red draconian skeleton (Crypt:1)
  A catoblepas skeleton (Crypt:3)
  3 red devils
  11 freezing wraiths
  An entropy weaver simulacrum (Vaults:1)
  3 tengu conjurers
  2 hydra zombies (Crypt:3)
  A wind drake (Shoals:1)
  2 queen bees (shapeshifter)
  10 trolls
  5 guardian mummies
  A merfolk (shapeshifter) (Vaults:1)
  40 jumping spiders
  26 merfolk
  24 saltlings (Desolation)
  8 hornets
  A queen bee (D:8)
  9 polar bears
  A fire dragon zombie (Crypt:3)
  An alligator zombie (Crypt:3)
  A meliai zombie (D:12)
  A jumping spider zombie (Crypt:1)
  5 snapping turtles
  3 dream sheep (Lair:6)
  A harpy skeleton (Crypt:3)
  3 ice dragon zombies (Crypt:3)
  18 slime creatures
  A dream sheep (shapeshifter) (Vaults:5)
  15 hippogriffs
  A frost giant simulacrum (Vaults:1)
  22 blink frogs
  An ettin zombie (Vaults:1)
  A spriggan zombie (D:15)
  Sigmund (D:3)
  4 air elementals
  A fire dragon skeleton (Crypt:3)
  75 redbacks
  2 vampires (D:14)
  A shadow (Crypt:1)
  13 water elementals
  23 tarantellas
  3 flying skulls (Crypt:1)
  2 spriggans (shapeshifter) (Depths:2)
  A wyvern (D:11)
  10 wraiths
  11 fire elementals
  4 basilisks
  A fire bat (shapeshifter) (Vaults:2)
  67 yaks
  A steam dragon (D:14)
  Grum (D:8)
  A neqoxec (Orc:2)
  A hog (shapeshifter) (Vaults:4)
  A human (shapeshifter) (Vaults:1)
  3 human simulacra
  A swamp worm (shapeshifter) (Depths:3)
  5 vampire mosquitoes
  10 wargs
  10 water moccasins
  4 hell hounds (Spider:3)
  12 porcupines
  2 acid dragons
  A merfolk skeleton (Crypt:3)
  A gelid demonspawn skeleton (Crypt:1)
  A floating eye (Depths:2)
  12 ice beasts
  42 orc warriors
  8 sky beasts
  2 black bears
  A fire dragon simulacrum (Crypt:2)
  An ettin simulacrum (Vaults:3)
  A snapping turtle zombie (Crypt:3)
  An eye of draining (D:14)
  A manticore zombie (Crypt:3)
  A necrophage (D:7)
  3 phantoms
  A lindwurm zombie (Crypt:2)
  25 ogres
  9 boggarts
  9 wolves
  38 centaurs
  7 crocodiles
  A hog skeleton (Crypt:2)
  An octopode zombie (Crypt:1)
  3 big kobolds
  The ghost of Azzok the Magician, an amateur DEFE (D:3)
  2 glowing shapeshifter simulacra
  A wyvern zombie (D:10)
  4 earth elementals
  25 bullfrogs
  A deep troll simulacrum (Vaults:4)
  An elf simulacrum (Vaults:1)
  A water moccasin zombie (Crypt:1)
  5 scorpions
  6 wyvern skeletons (Crypt:3)
  A raiju zombie (Crypt:2)
  25 killer bees
  A warg skeleton (Crypt:2)
  A troll zombie (Crypt:3)
  2 tengu zombies
  A troll skeleton (Crypt:2)
  9 wights
  A yak skeleton (Crypt:1)
  3 howler monkeys (D:10)
  14 electric eels
  9 crimson imps
  2 bullfrog zombies
  A quasit (D:8)
  9 hounds
  2 jellies
  7 bullfrog skeletons
  29 orc priests
  13 iguanas
  24 orc wizards
  11 worker ants
  Terence (D:2)
  A porcupine skeleton (Crypt:2)
  An acid dragon zombie (Crypt:1)
  A hound skeleton (Crypt:1)
  A howler monkey skeleton (D:4)
  A worker ant zombie (D:11)
  5 gnolls (D:6)
  13 adders
  6 shadow imps
  2 white imps (Vaults:4)
  An ooze (D:4)
  3 adder skeletons
  An adder zombie (D:5)
  A lava snake zombie (Crypt:1)
  A worm (D:2)
  7 dart slugs
  4 leopard geckos
  89 orcs
  A ball python (D:1)
  10 bats
  5 giant cockroaches
  11 goblins
  8 hobgoblins
  4 jackals
  20 kobolds
  3 quokkas
  6 frilled lizards
  A goblin skeleton (Crypt:2)
  A jackal zombie (D:8)
  A kobold (shapeshifter) (Vaults:2)
  A kobold skeleton (Crypt:3)
  A quokka skeleton (D:7)
  8 rats
  4 crawling corpses (Elf:3)
  15 plants
  2 withered plants (Crypt:3)
2545 creatures vanquished.

Vanquished Creatures (collateral kills)
  An ancient lich (Vaults:5)
  A golden dragon (Vaults:5)
  A deep elf master archer (Elf:3)
  A tentacled monstrosity (Depths:4)
  A titan (Vaults:5)
  A sphinx (Depths:2)
  A storm dragon (Vaults:5)
  A tengu reaver (Depths:2)
  A shadow dragon (Vaults:5)
  3 fire giants (Depths:2)
  2 frost giants
  A balrug (Zot:3)
  4 deep elf sorcerers (Elf:3)
  A deep elf elementalist (Elf:3)
  A spriggan defender (Depths:4)
  2 ironheart preservers
  An entropy weaver (Depths:2)
  A stone giant (Vaults:5)
  A war gargoyle (Vaults:5)
  2 deep elf demonologists
  3 deep elf annihilators
  A spark wasp (Depths:2)
  A deep elf death mage (Vaults:5)
  A great orb of eyes (Depths:5)
  3 deep elf high priests
  3 ogre magi
  5 fire dragons
  15 vault guards (Vaults:5)
  A yaktaur captain (Vaults:1)
  2 spriggan air magi
  3 centaur warriors
  A deep troll shaman (Depths:4)
  An orc high priest (Orc:2)
  A deep elf knight (Elf:3)
  3 iron trolls (Depths:4)
  A wizard (Vaults:1)
  A deep troll (Depths:2)
  2 flayed ghosts
  A deep elf archer (Vaults:5)
  2 phantasmal warriors
  3 ugly things
  2 deep elf magi
  A necromancer (Vaults:1)
  An orc sorcerer (Vaults:1)
  A mana viper (shapeshifter) (Depths:2)
  2 orc knights
  A cyclops (Vaults:1)
  4 vault sentinels (Vaults:5)
  A rime drake (shapeshifter) (Depths:2)
  11 yaktaurs
  A hornet (shapeshifter) (Depths:2)
  5 slime creatures
  An air elemental (Depths:5)
  A floating eye (Depths:4)
  2 orc warriors
  7 ogres (Vaults:1)
  2 boggarts
  A centaur (Vaults:1)
  An orc wizard (Vaults:5)
  2 gnolls (D:6)
  4 orcs
  A plant (Lair:1)
  A spectral weapon (Zot:3)
135 creatures vanquished.

Vanquished Creatures (others)
  A lich (Depths:4)
  A quicksilver dragon (Zot:5)
  A tengu reaver (Depths:2)
  A deep elf elementalist (Vaults:5)
  A draconian annihilator (Depths:2)
  2 ironheart preservers
  A deep elf demonologist (Elf:3)
  A yellow draconian (Zot:3)
  A fire dragon (Zot:3)
  A yaktaur captain (Vaults:5)
  5 vault guards
  A dancing weapon (Elf:2)
  3 two-headed ogres (Vaults:1)
  A deep troll shaman (Depths:2)
  A deep troll earth mage (Vaults:1)
  3 deep elf knights
  2 deep trolls (Vaults:1)
  An ironbrand convoker (Vaults:5)
  A deep elf archer (Elf:2)
  An orc knight (Vaults:1)
  2 deep elf magi
  2 fauns (Shoals:2)
  An ugly thing (Depths:2)
  2 vault sentinels (Vaults:1)
  4 yaktaurs
  4 polar bears (IceCv)
  A hornet (Depths:2)
  3 slime creatures
  2 humans (Spider:2)
  A spriggan (Depths:2)
  5 yaks (IceCv)
  3 wolves (IceCv)
  An ogre (Vaults:5)
  2 boggarts
  2 centaurs (Vaults:1)
  A human zombie (Vaults:1)
  A human skeleton (Vaults:1)
  2 ball lightnings (Depths:3)
  6 orcs
  8 fungi
  8 plants
  58 spectral weapons
  15 withered plants (Crypt:3)
164 creatures vanquished.

Grand Total: 2844 creatures vanquished

Notes
Turn   | Place    | Note
-------+----------+-------------------------------------------
     0 | D:1      | Samos the Spriggan Enchanter began the quest for the Orb.
     0 | D:1      | Reached XP level 1. HP: 9/9 MP: 5/5
   217 | D:1      | Reached XP level 2. HP: 4/13 MP: 5/7
   441 | D:1      | Learned a level 2 spell: Ensorcelled Hibernation
  1418 | D:1      | Reached XP level 3. HP: 16/16 MP: 6/9
  1423 | D:1      | Learned a level 3 spell: Confuse
  1427 | D:1      | Learned a level 3 spell: Tukima's Dance
  1492 | D:2      | Found a snail-covered altar of Cheibriados.
  1543 | D:2      | Noticed Terence
  1564 | D:2      | Killed Terence
  1838 | D:2      | Found a shimmering altar of Xom.
  1884 | D:2      | Reached XP level 4. HP: 20/21 MP: 6/11
  2880 | D:3      | Noticed Sigmund
  3268 | D:3      | Killed Sigmund
  3268 | D:3      | Reached skill level 5 in Hexes
  3268 | D:3      | Reached XP level 5. HP: 17/24 MP: 2/14
  3511 | D:2      | Reached XP level 6. HP: 28/28 MP: 11/16
  3550 | D:3      | Noticed Azzok's ghost (amateur DEFE)
  3797 | D:3      | Killed Azzok's ghost
  3797 | D:3      | Reached skill level 5 in Stealth
  4087 | D:3      | Found an ornate altar of the Wu Jian Council.
  4670 | D:4      | Noticed a water elemental
  5173 | D:4      | Found a stormy altar of Qazlal.
  5174 | D:4      | Noticed a fire elemental
  5176 | D:4      | Noticed an air elemental
  5405 | D:4      | Reached XP level 7. HP: 32/32 MP: 7/17
  5486 | D:5      | Entered Level 5 of the Dungeon
  6606 | D:5      | Found a staircase to the Ecumenical Temple.
  6619 | Temple   | Entered the Ecumenical Temple
  6641 | Temple   | Became a worshipper of Dithmenos the Shadowed
  6873 | D:6      | Reached skill level 10 in Stealth
  7069 | D:6      | Found a hide-covered altar of Uskayaw.
  7138 | D:6      | Found a burning altar of Makhleb.
  7421 | D:6      | Found a sparkling altar of Nemelex Xobeh.
  7433 | D:6      | Reached XP level 8. HP: 36/36 MP: 15/18
  8097 | D:7      | Reached * piety under Dithmenos
  8352 | D:7      | Reached skill level 1 in Fighting
  8385 | D:7      | Found Lottuy's Assorted Antiques.
  8436 | D:7      | Bought a bubbling blue potion for 18 gold pieces
  8437 | D:7      | Gained mutation: You are partially covered in thin metallic scales. (AC +2) [potion of mutation]
  8437 | D:7      | Gained mutation: Armour fits poorly on your strangely shaped body. [potion of mutation]
  8437 | D:7      | Gained mutation: You have a pair of small horns on your head. [potion of mutation]
  8547 | D:7      | Learned a level 3 spell: Dazzling Spray
  8682 | D:7      | Reached XP level 9. HP: 39/42 MP: 10/20
  8964 | D:8      | Learned a level 2 spell: Passwall
  8984 | D:8      | Noticed a queen bee
  8986 | D:8      | Killed a queen bee
  8986 | D:8      | Reached skill level 5 in Dodging
  9001 | D:7      | Reached ** piety under Dithmenos
  9495 | D:8      | Noticed Grum
  9497 | D:8      | Found a staircase to the Lair.
  9502 | D:8      | Killed Grum
  9530 | D:8      | Found Goax's Book Shop.
 10149 | D:8      | Reached XP level 10. HP: 49/49 MP: 16/22
 10197 | D:8      | Reached skill level 5 in Short Blades
 10293 | D:8      | Got a heavily runed brass ring
 10294 | D:8      | Identified the ring "Qoezadgh" {*Corrode rElec Str+3 Stlth-} (You found it on level 8 of the Dungeon)
 10352 | D:8      | Noticed Erica
 10354 | D:8      | Killed Erica
 10743 | D:9      | Found a large runed door.
 10743 | D:9      | Found a large runed door.
 10743 | D:9      | Noticed a manticore
 10744 | D:9      | Noticed a cyclops
 10819 | D:9      | Killed a cyclops
 10821 | D:9      | Reached *** piety under Dithmenos
 10863 | D:9      | Got a transparent robe
 10874 | D:9      | Identified the cursed +0 robe of Hoemer {+Fly rPois} (You found it on level 9 of the Dungeon)
 10994 | D:9      | Found a staircase to the Orcish Mines.
 11054 | D:9      | Found a burning altar of Makhleb.
 11079 | D:9      | Found an iron altar of Okawaru.
 11086 | D:9      | Found a shattered altar of Ashenzari.
 11087 | D:9      | Found a hazy altar of Hepliaklqana.
 11164 | D:9      | Noticed Erolcha
 11461 | D:9      | Killed Erolcha
 11694 | D:9      | Killed a manticore
 11713 | D:9      | Found a blossoming altar of Fedhas.
 11718 | D:9      | Noticed a five-headed hydra
 11725 | D:9      | Found an iron altar of Okawaru.
 11729 | D:9      | Killed a five-headed hydra
 11843 | D:10     | Entered Level 10 of the Dungeon
 11900 | D:10     | Reached XP level 11. HP: 54/54 MP: 25/25
 11978 | D:10     | Noticed yrara's ghost (journeyman DsFi)
 12005 | D:10     | Killed yrara's ghost
 12565 | D:10     | Noticed an unseen horror
 12572 | D:10     | Killed an unseen horror
 12572 | D:10     | Reached skill level 15 in Stealth
 12766 | D:10     | Reached **** piety under Dithmenos
 13485 | D:11     | Reached skill level 5 in Fighting
 14713 | D:11     | Noticed a two-headed ogre
 14732 | D:11     | Killed a two-headed ogre
 14732 | D:11     | Reached ***** piety under Dithmenos
 14732 | D:11     | Reached skill level 10 in Hexes
 15169 | D:11     | Reached skill level 10 in Dodging
 15178 | D:11     | Reached skill level 10 in Spellcasting
 15881 | D:11     | Noticed a white ugly thing
 15899 | D:11     | Killed a white ugly thing
 15939 | D:11     | Reached XP level 12. HP: 60/60 MP: 22/27
 16074 | D:12     | Noticed a two-headed ogre
 16076 | D:12     | Killed a two-headed ogre
 16227 | D:12     | Noticed a six-headed hydra
 16233 | D:12     | Killed a six-headed hydra
 16420 | D:12     | Learned a level 4 spell: Cause Fear
 16873 | D:13     | Noticed a six-headed hydra
 17071 | D:13     | Noticed a two-headed ogre
 17078 | D:13     | Noticed a vault guard
 17087 | D:13     | Noticed a vault guard
 17087 | D:13     | Killed a two-headed ogre
 17098 | D:13     | Killed a vault guard
 17117 | D:13     | Killed a vault guard
 17144 | D:13     | Noticed a vault guard
 17501 | D:14     | Killed a vault guard
 17577 | D:13     | Noticed a death knight
 17602 | D:13     | Killed a death knight
 17608 | D:13     | Killed a six-headed hydra
 17820 | D:8      | Bought a book of Party Tricks for 750 gold pieces
 17827 | D:8      | Learned a level 6 spell: Invisibility
 18040 | D:13     | Reached XP level 13. HP: 66/66 MP: 24/29
 18057 | D:13     | Found a gate to the Vaults.
 18238 | D:14     | Noticed Agnes
 18241 | D:14     | Killed Agnes
 18268 | D:14     | Found Foixor's Antique Weapon Shoppe.
 18556 | D:14     | Found Ucrasi's Weapon Shoppe.
 18854 | D:14     | Found Ugicy's Antique Armour Boutique.
 18921 | D:14     | Found Qemuh's Weapon Shop.
 19596 | D:14     | Noticed Frances
 19598 | D:14     | Killed Frances
 19720 | D:14     | Noticed Snorg
 19722 | D:14     | Killed Snorg
 19738 | D:14     | Found Fogau's Antique Armour Shop.
 20063 | Orc:1    | Entered Level 1 of the Orcish Mines
 20686 | D:8      | Lost mutation: You are partially covered in thin metallic scales. (AC +2) [potion of mutation]
 20686 | D:8      | Lost mutation: Armour fits poorly on your strangely shaped body. [potion of mutation]
 20686 | D:8      | Gained mutation: You are resistant to hostile enchantments. (MR+) [potion of mutation]
 20686 | D:8      | Gained mutation: You can translocate small distances at will. [potion of mutation]
 20760 | Orc:1    | Found a roughly hewn altar of Beogh.
 21204 | Orc:2    | Entered Level 2 of the Orcish Mines
 21710 | Orc:2    | Found a staircase to the Elven Halls.
 21787 | Orc:2    | Found Hutiunats's Armour Emporium.
 21986 | Orc:2    | Found Eliwiny's Food Emporium.
 21988 | Orc:2    | Found Puczist's Distillery.
 21997 | Orc:2    | Reached ****** piety under Dithmenos
 23146 | Orc:2    | Reached XP level 14. HP: 73/73 MP: 13/31
 24238 | Orc:2    | Found Icyoff's Antique Weapon Shop.
 24238 | Orc:2    | Found Fafiucwi's Gadget Boutique.
 24239 | Orc:2    | Found a one-way gate leading to the halls of Pandemonium.
 24512 | Elf:1    | Entered Level 1 of the Elven Halls
 25503 | Lair:1   | Entered Level 1 of the Lair of Beasts
 26155 | Lair:1   | Found a blossoming altar of Fedhas.
 26921 | Lair:2   | Noticed loom's ghost (journeyman MiBe)
 26932 | Lair:2   | Killed loom's ghost
 26950 | Lair:2   | Found a frozen archway.
 26982 | IceCv    | Entered an ice cave
 27874 | IceCv    | Reached skill level 15 in Dodging
 27983 | IceCv    | Noticed a frost giant
 28290 | IceCv    | Killed a frost giant
 29037 | Lair:2   | Learned a level 1 spell: Apportation
 29040 | Lair:2   | Learned a level 2 spell: Blink
 29340 | Lair:2   | Found a staircase to the Shoals.
 29374 | Lair:2   | Reached XP level 15. HP: 79/79 MP: 33/33
 29558 | Lair:2   | Found a hole to the Spider Nest.
 29954 | Lair:3   | Noticed Rupert
 29956 | Lair:3   | Killed Rupert
 30624 | Lair:3   | Noticed Gastronok
 30627 | Lair:3   | Killed Gastronok
 32130 | D:14     | Bought the +2 robe of Vines {NoPotionHeal Regen+7} for 1680 gold pieces
 34030 | D:14     | Bought a twisted dagger for 231 gold pieces
 34030 | D:14     | Identified the +2 dagger "Pymanavi" {pierce, rC+} (You bought it in a shop on level 14 of the Dungeon)
 34469 | Lair:6   | Entered Level 6 of the Lair of Beasts
 34556 | Lair:6   | Noticed bezhaha's ghost (journeyman DEAr)
 34562 | Lair:6   | Killed bezhaha's ghost
 34613 | Lair:6   | Noticed dricus's ghost (journeyman MfBe)
 34659 | Lair:6   | Killed dricus's ghost
 34740 | Lair:6   | Found a runed door.
 34741 | Lair:6   | Noticed an acid blob
 34743 | Lair:6   | Found a viscous altar of Jiyva.
 34743 | Lair:6   | Found a staircase to the Slime Pits.
 35237 | Lair:6   | Killed an acid blob
 35237 | Lair:6   | Reached skill level 10 in Fighting
 35237 | Lair:6   | Reached skill level 15 in Hexes
 35493 | Lair:6   | Reached XP level 16. HP: 85/85 MP: 33/35
 35538 | Lair:6   | Reached skill level 15 in Spellcasting
 35594 | Lair:6   | Learned a level 5 spell: Dispel Undead
 36337 | D:15     | Entered Level 15 of the Dungeon
 36715 | D:15     | Found a staircase to the Depths.
 36738 | D:15     | Reached skill level 1 in Necromancy
 37380 | Depths:1 | Entered Level 1 of the Depths
 37427 | Depths:1 | Found a gateway to Hell.
 38635 | Spider:1 | Entered Level 1 of the Spider Nest
 38663 | Spider:1 | Noticed Asterion
 38665 | Spider:1 | Killed Asterion
 39131 | Spider:2 | Learned a level 3 spell: Spectral Weapon
 39135 | Spider:2 | Learned a level 3 spell: Regeneration
 39197 | Spider:2 | Noticed Arachne
 39199 | Spider:2 | Killed Arachne
 39357 | Spider:2 | Reached XP level 17. HP: 91/91 MP: 35/37
 39646 | Spider:2 | Noticed Roxanne
 39660 | Spider:2 | Killed Roxanne
 39662 | Spider:2 | Identified Roxanne's Collected Works on Earth (You took it off Roxanne on level 2 of the Spider Nest)
 39674 | Spider:2 | Noticed Kirke
 39679 | Spider:2 | Killed Kirke
 39930 | Spider:2 | Found a roughly hewn altar of Beogh.
 40814 | Spider:3 | Noticed Azrael
 40816 | Spider:3 | Killed Azrael
 41169 | Spider:4 | Entered Level 4 of the Spider Nest
 42933 | Spider:4 | Got a gossamer rune of Zot
 43160 | Shoals:1 | Entered Level 1 of the Shoals
 43474 | Shoals:1 | Reached XP level 18. HP: 97/97 MP: 29/39
 45004 | Shoals:3 | Noticed Mara
 45008 | Shoals:3 | Killed Mara
 45031 | Shoals:3 | Noticed Louise
 45034 | Shoals:3 | Killed Louise
 45082 | Shoals:3 | Learned a level 8 spell: Discord
 45088 | Shoals:3 | Learned a level 5 spell: Silence
 45579 | Shoals:4 | Entered Level 4 of the Shoals
 45832 | Shoals:4 | Noticed Ilsuiw
 45835 | Shoals:4 | Killed Ilsuiw
 47167 | Shoals:4 | Got a barnacled rune of Zot
 48226 | Vaults:1 | Entered Level 1 of the Vaults
 48226 | Vaults:1 | Found Baopekk's Jewellery Shoppe.
 48270 | Vaults:1 | Bought the ring "Soqo" {+Fly rPois rF+ Stlth+} for 731 gold pieces
 48323 | Vaults:1 | Found Xateasch's Book Boutique.
 48323 | Vaults:1 | Noticed Nikola
 48332 | Vaults:1 | Killed Nikola
 48332 | Vaults:1 | Reached XP level 19. HP: 103/103 MP: 32/41
 48811 | Vaults:1 | Found Qaum's Book Shop.
 49410 | Vaults:1 | Gained mutation: You are clumsy. (Dex -2) [mutagenic glow]
 49715 | Vaults:1 | Lost mutation: You are clumsy. (Dex -2) [potion of mutation]
 49715 | Vaults:1 | Lost mutation: You have a pair of small horns on your head. [potion of mutation]
 49715 | Vaults:1 | Gained mutation: You are somewhat resistant to further mutation. [potion of mutation]
 49715 | Vaults:1 | Gained mutation: You are somewhat resistant to both further mutation and mutation removal. [potion of mutation]
 49715 | Vaults:1 | Gained mutation: You are partially covered in icy blue scales. (AC +2) [potion of mutation]
 50338 | Vaults:1 | Found Nausiowi's Antique Weapon Boutique.
 50404 | Vaults:1 | Found Aroali's Distillery.
 50994 | Vaults:2 | Found Huczett's Weapon Emporium.
 51692 | Vaults:2 | Reached XP level 20. HP: 109/109 MP: 35/43
 52646 | Elf:1    | Got a wavering brass ring
 52647 | Elf:1    | Identified the cursed ring "Husiquuq" {Str-2 Dex+3} (You found it on level 1 of the Elven Halls)
 52700 | Elf:1    | Reached skill level 10 in Short Blades
 52761 | Elf:1    | Identified the Grimoire of Attacks
 54381 | Elf:2    | Found a runed gate.
 54381 | Elf:2    | Found a runed gate.
 54381 | Elf:2    | Found a runed gate.
 55330 | Elf:3    | Entered Level 3 of the Elven Halls
 57340 | Elf:3    | Identified a scroll of acquirement
 57487 | Elf:3    | Identified Sif Muna's Incunabulum of Transmutation and Sinister Secrets
 57494 | Elf:3    | Got a glittering iron amulet
 57495 | Elf:3    | Identified the amulet "Tuusateg" {Inacc *Contam rElec Int+8 SInv} (You found it on level 3 of the Elven Halls)
 57504 | Elf:3    | Identified the Disquisition on Conjuration and Moulding
 57582 | Elf:3    | Got a smoking short sword
 57583 | Elf:3    | Identified the +1 short sword of the Walnut {drain, *Noise rPois rN++ Dex+4} (You acquired it on level 3 of the Elven Halls)
 57680 | Elf:3    | Reached XP level 21. HP: 114/114 MP: 40/45
 57744 | Elf:3    | Identified the Collected Works on Frigorific Summoning
 57847 | Elf:3    | Got a twisted cloak
 57848 | Elf:3    | Identified the cursed +0 cloak "Seepn" {rF++ MR+ Str+6} (You found it on level 3 of the Elven Halls)
 57908 | Elf:3    | Got an encrusted cloak
 57909 | Elf:3    | Identified the cursed +0 cloak "Ymayt" {Stlth+} (You found it on level 3 of the Elven Halls)
 58456 | D:15     | Learned a level 6 spell: Deflect Missiles
 58690 | Vaults:3 | Found a ruined gateway.
 58705 | Desolati | Entered the Desolation of Salt
 58720 | Desolati | Reached skill level 1 in Charms
 58791 | Desolati | Reached skill level 1 in Air Magic
 58836 | Desolati | Identified the Collected Works on Excruciating Fire
 58842 | Desolati | Identified the Handbook of the Supportive Voyage
 59110 | Desolati | Got a twitching brass ring
 59126 | Desolati | Got a smoking brass ring
 59544 | Vaults:3 | Identified the ring of Cuxisaf {rElec rPois Int+2} (You found it in the Desolation of Salt)
 59545 | Vaults:3 | Identified the ring "Alujo" {*Tele Str+4 Int+5} (You found it in the Desolation of Salt)
 59723 | Vaults:3 | Noticed Saint Roka
 59740 | Vaults:3 | Killed Saint Roka
 60595 | Vaults:3 | Found a staircase to the Crypt.
 60806 | Vaults:3 | Reached skill level 5 in Charms
 62246 | Vaults:3 | Reached XP level 22. HP: 120/120 MP: 42/46
 63974 | Vaults:5 | Entered Level 5 of the Vaults
 64049 | Vaults:5 | Noticed Frederick
 64078 | Vaults:5 | Killed Frederick
 64850 | Vaults:5 | Got a silver rune of Zot
 64945 | Vaults:5 | Noticed a golden dragon
 65339 | Vaults:5 | Identified Duaps's Catalogue of Combat Magic
 65663 | Vaults:5 | Got a fine tin ring
 65675 | Vaults:5 | Identified the ring of Wuuxuab {Fire Str+2} (You took it off an orc knight on level 5 of the Vaults)
 65682 | Vaults:5 | Noticed an ancient lich
 65943 | Vaults:5 | Killed a golden dragon
 65949 | Vaults:5 | Killed an ancient lich
 65953 | Vaults:5 | Reached skill level 10 in Charms
 65954 | Vaults:5 | Reached XP level 23. HP: 53/125 MP: 13/48
 67837 | Vaults:5 | Got a coiled platinum ring
 67838 | Vaults:5 | Identified the ring of Atomeyll {rF+++ MR- Str+4 Slay+3} (You took it off an orc knight on level 5 of the Vaults)
 68173 | Vaults:5 | Found Derphil's Assorted Antiques.
 68587 | D:15     | Learned a level 5 spell: Aura of Abjuration
 68640 | Depths:2 | Noticed a caustic shrike
 68648 | Depths:2 | Killed a caustic shrike
 68681 | Depths:2 | Found a one-way gate to the infinite horrors of the Abyss.
 68712 | Depths:2 | Found a gateway to a ziggurat.
 68764 | Depths:2 | Reached skill level 1 in Summonings
 69233 | Depths:2 | Reached skill level 15 in Fighting
 69536 | Depths:2 | Identified the Collected Works on Attacks
 69850 | Depths:2 | Noticed an ancient lich
 70224 | Depths:2 | Killed an ancient lich
 70482 | Depths:2 | Got a faintly glowing brass ring
 70483 | Depths:2 | Identified the ring "Qiynes" {rCorr Dex+3} (You found it on level 2 of the Depths)
 70514 | Depths:2 | Noticed a caustic shrike
 70516 | Depths:2 | Killed a caustic shrike
 70835 | Depths:2 | Reached XP level 24. HP: 131/131 MP: 43/49
 71001 | Depths:2 | Got a coiled turquoise ring
 71002 | Depths:2 | Identified the ring "Ped Duc" {rElec rC+ MR+ Slay-3 SInv} (You found it on level 2 of the Depths)
 71238 | Depths:3 | Found a large runed door.
 71238 | Depths:3 | Found a large runed door.
 71305 | Depths:3 | Found Taroder's Gadget Shop.
 71305 | Depths:3 | Found Reuz's Jewellery Emporium.
 71306 | Depths:3 | Found Heda Ont's Jewellery Emporium.
 71366 | Depths:3 | Bought the amulet "Sois" {rElec MR- Regen+ Dex+4} for 819 gold pieces
 71525 | Depths:3 | Found Qigeeddo's General Store.
 71729 | Depths:3 | Identified the +2 scimitar of Articulation {elec, +Rage Int+5 Stlth+} (You found it on level 3 of the Depths)
 71751 | Depths:3 | Identified the +2 hat "Xeucho" {Str+3 Dex+2} (You found it on level 3 of the Depths)
 72015 | Depths:3 | Reached skill level 27 in Stealth
 72611 | Depths:3 | Got a glittering steel ring
 72612 | Depths:3 | Identified the ring of Belo {rElec rF+++ Str+3 Int-5 SInv} (You took it off a guardian mummy on level 3 of the Depths)
 72778 | Depths:2 | Reached skill level 1 in Long Blades
 73130 | Depths:4 | Noticed a juggernaut
 75101 | Depths:4 | Reached skill level 5 in Long Blades
 75241 | Depths:4 | Got a smoking rapier
 75242 | Depths:4 | Identified the +5 rapier of the Six Realms {venom, rF+ Str+3} (You acquired it on level 4 of the Depths)
 75445 | Depths:5 | Entered Level 5 of the Depths
 75468 | Depths:5 | Noticed Boris
 75476 | Depths:5 | Killed Boris
 75476 | Depths:5 | Reached XP level 25. HP: 137/137 MP: 49/49
 75496 | Depths:5 | Reached skill level 1 in Shields
 75842 | Depths:5 | Found a gate to the Realm of Zot.
 76334 | Depths:5 | Noticed a juggernaut
 76337 | Depths:5 | Killed a juggernaut
 76812 | Depths:3 | Killed a juggernaut
 76853 | Depths:3 | Bought the amulet of Somuasoe {Gourm rN++ Int+3 SInv} for 1102 gold pieces
 77160 | Crypt:1  | Entered Level 1 of the Crypt
 77390 | Crypt:1  | Noticed Mennas
 77395 | Crypt:1  | Killed Mennas
 77463 | Crypt:1  | Noticed Donald
 77497 | Crypt:1  | Killed Donald
 77744 | Crypt:2  | Noticed Xtahua
 77746 | Crypt:2  | Killed Xtahua
 78555 | Crypt:3  | Entered Level 3 of the Crypt
 79269 | Crypt:3  | Found a staircase to the Tomb.
 79269 | Crypt:3  | Noticed a greater mummy
 79316 | Crypt:3  | Killed a greater mummy
 79487 | Crypt:3  | Found an ancient bone altar of Kikubaaqudgha.
 80038 | Crypt:3  | Noticed an ancient lich
 80042 | Crypt:3  | Killed an ancient lich
 80042 | Crypt:3  | Reached XP level 26. HP: 144/144 MP: 50/50
 80054 | Crypt:3  | Identified Luapufot's Guide on Unholy Arts
 80367 | Crypt:3  | Reached skill level 27 in Dodging
 80583 | Crypt:3  | Reached skill level 5 in Shields
 81372 | Zot:1    | Entered Level 1 of the Realm of Zot
 81456 | Zot:1    | Reached skill level 10 in Long Blades
 82607 | Zot:2    | Noticed Dmitry's ghost (legendary CeHu)
 82626 | Zot:2    | Killed Dmitry's ghost
 83732 | Zot:3    | Reached XP level 27. HP: 150/150 MP: 46/51
 85297 | Zot:3    | Identified the +2 robe "Fiohin" {MR++ Dex+4 Slay-4 Stlth+} (You found it on level 3 of the Realm of Zot)
 85311 | Zot:3    | Got an encrusted cloak
 85322 | Zot:3    | Identified the +2 cloak of Asess {Regen+} (You acquired it on level 3 of the Realm of Zot)
 85694 | Zot:4    | Noticed dricus's ghost (master MfBe)
 85767 | Zot:4    | Killed dricus's ghost
 86149 | Zot:4    | Found a burning altar of Makhleb.
 86171 | Zot:4    | Identified the Incunabulum of Fire and Brimstone
 86196 | Zot:4    | Identified the Handbook of the Zealot
 86204 | Zot:4    | Learned a level 5 spell: Summon Demon
 86690 | Zot:5    | Entered Level 5 of the Realm of Zot
 86754 | Zot:5    | Reached skill level 1 in Invocations
 87485 | Zot:5    | Reached skill level 5 in Invocations
 87487 | Zot:5    | Noticed an orb of fire
 87487 | Zot:5    | Noticed an orb of fire
 87491 | Zot:5    | Noticed an orb of fire
 87492 | Zot:5    | Killed an orb of fire
 87497 | Zot:5    | Noticed an orb of fire
 87535 | Zot:5    | Gained mutation: You occasionally shout uncontrollably at your foes. [an orb of fire]
 87553 | Zot:5    | Killed an orb of fire
 87634 | Zot:5    | Gained mutation: Potions are less effective at restoring your health. [an orb of fire]
 87660 | Zot:5    | Killed an orb of fire
 87820 | Zot:5    | Gained mutation: You are frail. (-10% HP) [an orb of fire]
 87842 | Zot:5    | Killed an orb of fire
 88066 | Zot:5    | Killed from afar by a deathcap

Vault maps used:
D:1:      dpeg_arrival_long_road
D:2:      lemuel_round_altar, xom_teletrap_fun, minmay_pentomino_r2,
          uniq_terence
D:3:      marbit_many_paths, uniq_sigmund
D:4:      nicolae_qazlal_style_of_elements, serial_corexii_hall,
          corexii_hall_statues_deadend, corexii_hall_statues_deadend,
          first_bread
D:5:      minmay_temple_entry_fiery, minmay_misc_feat_room
D:6:      nicolae_overflow_crystal_walls, eat_drink_and_be_merry_uskayaw,
          old_standard_altar, hex_large, minmay_checkerbox
D:7:      serial_shops, shop, kennysheep_generic_room_4
D:8:      dpeg_oklobed_lair, serial_shops, shop, david_nohive_1, uniq_erica,
          uniq_grum
D:9:      gammafunk_temple_overflow_forgotten, orc_0_dummy, basic_altar,
          jmf_multi_god_temple2, uniq_erolcha
D:11:     minmay_unpleasant_kobolds
D:13:     lightli_vaults_fourway_checkpoint
D:14:     serial_shops, nicolae_shop_stone, shop, kennysheep_mini, shop, shop,
          uniq_frances, uniq_agnes, uniq_snorg
D:15:     gammafunk_depths_entry_grave, grunt_decor_arrowhead,
          nicolae_twisting_strands
Temple:   minmay_temple_bridge_abc
Lair:1:   tgw_fedhas, lemuel_fruit_tree, serial_bayou_shore_a,
          grunt_megastairs_1, minmay_lair_oklob_chamber
Lair:2:   minmay_shoals_entry_centaurs, nicolae_spider_entry_tight_spaces,
          portal_ice_cave_entry_ice_beasts, st_stairs_9, serial_bayou_pond_e,
          serial_bayou_shore_b
Lair:3:   beast_lair_carwin_large_3, patterned_corridor, uniq_gastronok,
          uniq_rupert
Lair:4:   wad_woods_structure_01, beast_lair_carwin_6
Lair:5:   grunt_megastairs_5
Lair:6:   hangedman_lair_in_review, slime_altar_2
Shoals:3: uniq_louise, uniq_mara
Shoals:4: shoals_end_grunt_ice, shoals_ilsuiw_ice
Spider:1: spider_trap, uniq_asterion
Spider:2: nicolae_spider_mines_2, hangedman_spider_tarantella_strand,
          uniq_kirke, uniq_arachne, uniq_roxanne
Spider:3: nicolae_spider_webbed_stairs, uniq_azrael
Spider:4: spider_rune_water
Orc:1:    basic_altar, nicolae_orc_stony_grotto
Orc:2:    pf_orc_diabolical, serial_shops, shop, rock_pile
Elf:1:    elf_arrival_002, minmay_elf_annihilation,
          hangedman_elf_targetted_burst
Elf:3:    minmay_elf_hall_furrowed
Vaults:1: v_rooms_1, nicolae_vaults_yaktaur_gun_rack, st_greater_box_5,
          nicolae_vaults_rhombus_5, nicolae_vaults_mini_display_case,
          nicolae_vaults_stairing_the_circle, serial_shops,
          nicolae_shop_statue_plus, shop, shop, nicolae_shop_statue_plus,
          nicolae_shop_behind_doors, uniq_nikola
Vaults:2: grunt_vaults_hallway_long, v_misc_31, st_cells,
          hangedman_vaults_slice, v_misc_26, ontoclasm_vaults_ring_small,
          v_misc_17, nicolae_vaults_little_squares_6, serial_shops, shop
Vaults:3: v_misc_12, minmay_crypt_entry_simple_walls, vaults_room_door_ring,
          v_misc_12, vaults_room_grunt_arrival_ludios, grunt_vaults_focal,
          v_pattern_5, v_misc_22, vaults_standard_mumra_enter_the_diamond,
          ontoclasm_vaults_ring_large, ontoclasm_vaults_twist,
          vaults_room_semicircle, v_misc_25, v_misc_33, ontoclasm_vaults_shout,
          portal_desolation_entry_ruin, uniq_saint_roka
Vaults:4: nicolae_vaults_diagonal_hallway_8, v_misc_18, vaults_room_semicircle,
          hangedman_vaults_stagger, serial_ice_g
Vaults:5: serial_shops, uniq_frederick
Crypt:1:  wad_floor_pattern_untrapped, uniq_donald, uniq_mennas
Crypt:2:  lemuel_dead_fish_pool, uniq_xtahua
Crypt:3:  evilmike_haunted_forest
Depths:1: minmay_misc_feat_columns, pan_entry, hell_entry, bh_walls_and_bars
Depths:2: hangedman_pleasuredromes, pan_entry, abyss_entry, hell_entry
Depths:3: lightli_eight_chambers, rand_demon_pan_entry_9, serial_shops,
          shop_fountains, roderic_roman_lattice, hell_entry,
          infiniplex_staircase_zigzag_1, minmay_shop_grove
Depths:4: minmay_containers, hangedman_decor_diamond_cutter, hell_entry,
          abyss_entry
Depths:5: grunt_zot_entry_gee_three, hell_entry, nrook_pool_corridor, uniq_boris
Zot:1:    hangedman_hellfire_club, grunt_megastairs_2
Zot:3:    minmay_elemental_castle, bh_zot_ikea_curve
Zot:4:    nicolae_zot_draconian_monastery
IceCv:    ice_cave_caverns_03

Skill      XL: |  1  2  3  4  5  6  7  8  9 10 11 12 13 14 15 16 17 18 19 20 21 22 23 24 25 26 27 |
---------------+----------------------------------------------------------------------------------+-----
Spellcasting   | 3 4 6 7 9 10 11 12 13 14 15 16 17 18 19 20 21 22 23 25 | 25.1
Hexes          | 4 5 6 8 9 10 11 12 13 15 16 17 18 19 20 21 22 23 25 | 25.0
Stealth        | 7 11 13 14 15 17 18 19 20 21 22 23 24 25 26 27 | 27.0
Fighting       | 1 3 4 5 6 8 9 10 11 12 13 14 15 16 17 18 | 18.6
Short Blades   | 3 4 6 7 8 9 11 12 13 14 | 14.0
Dodging        | 4 6 8 10 12 13 15 16 17 18 19 20 21 22 24 26 27 | 27.0
Necromancy     | 3 4 |  4.0
Charms         | 6 10 12 | 12.0
Air Magic      | 3 |  3.0
Summonings     | 2 4 |  4.0
Long Blades    | 5 9 11 | 11.0
Shields        | 4 7 8 |  8.2
Invocations    | 8 |  8.5

Action                   |  1- 3 |  4- 6 |  7- 9 | 10-12 | 13-15 | 16-18 | 19-21 | 22-24 | 25-27 || total
-------------------------+-------+-------+-------+-------+-------+-------+-------+-------+-------++-------
Melee: Dagger            |    87 |   156 |   223 |   600 |  1553 |   910 |       |       |       ||  3529
       Headbutt          |       |       |     8 |    70 |   303 |   135 |    31 |       |       ||   547
       Rapier            |       |       |       |       |       |   128 |  1538 |  1710 |   376 ||  3752
       Quick blade       |       |       |       |       |       |       |       |       |  1609 ||  1609
Throw: Throwing net      |       |       |       |       |     1 |       |       |       |       ||     1
 Cast: Corona            |     8 |       |       |       |       |       |       |       |       ||     8
       Ensorcelled Hiber |    18 |    69 |    85 |    79 |    86 |   128 |    15 |    15 |     1 ||   496
       Confuse           |     1 |     8 |    35 |    63 |    44 |    31 |    78 |    81 |     4 ||   345
       Tukima's Dance    |     1 |       |     3 |     5 |     2 |       |       |       |       ||    11
       Dazzling Spray    |       |       |       |    25 |    16 |    85 |    31 |    41 |     7 ||   205
       Invisibility      |       |       |       |       |    26 |    29 |    31 |    28 |    23 ||   137
       Regeneration      |       |       |       |       |       |     4 |    17 |    24 |    22 ||    67
       Spectral Weapon   |       |       |       |       |       |     2 |    32 |    66 |    59 ||   159
       Discord           |       |       |       |       |       |       |     9 |    15 |     2 ||    26
       Silence           |       |       |       |       |       |       |     1 |    10 |     4 ||    15
       Deflect Missiles  |       |       |       |       |       |       |     1 |     3 |     2 ||     6
       Dispel Undead     |       |       |       |       |       |       |       |       |     2 ||     2
       Blink             |       |       |       |       |       |       |       |       |     1 ||     1
Invok: Shadow Step       |       |       |       |       |     8 |     9 |     2 |     2 |     6 ||    27
 Abil: Blink             |       |       |       |       |       |       |       |       |     4 ||     4
Evoke: Wand              |       |       |       |       |       |       |       |       |     2 ||     2
  Use: Scroll            |       |    11 |    10 |    10 |    13 |    12 |    22 |    30 |    13 ||   121
       Potion            |       |     3 |     8 |     4 |    10 |     6 |    13 |     5 |     8 ||    57
 Stab: Sleeping          |    20 |    41 |    75 |    77 |   164 |   229 |   144 |   121 |   165 ||  1036
       Confused          |     1 |     5 |    13 |    47 |    23 |    23 |    43 |    55 |     1 ||   211
       Invisible         |       |     2 |       |    21 |   141 |   152 |   199 |   126 |   145 ||   786
       Distracted        |       |       |       |     3 |     8 |     3 |    26 |    40 |    68 ||   148
  Eat: Bread ration      |       |     1 |       |       |       |       |       |     1 |     2 ||     4
       Fruit             |       |       |     9 |       |     3 |    11 |    13 |    14 |       ||    50
       Royal jelly       |       |       |     1 |     4 |     8 |     7 |     5 |     6 |     2 ||    33
Armor: Robe              |    19 |    24 |    24 |    24 |    24 |    39 |    63 |    63 |    47 ||   327
Dodge: Dodged            |    76 |   198 |   198 |   476 |   899 |  1164 |  1350 |  1785 |  1105 ||  7251
       Deflected         |       |       |       |       |       |       |     1 |    18 |    13 ||    32
Block: Other             |       |       |    25 |    57 |    78 |    90 |   110 |   129 |       ||   489
       Reflection        |       |       |       |     4 |     3 |     9 |     3 |     4 |       ||    23
       Buckler           |       |       |       |       |       |       |       |       |   131 ||   131
